Map: Ever Dream LE

Players

Naxin

  • Race: Terran Terran
  • Spawn Location: 7:00

Yoger - Winner!

  • Race: Zerg Zerg
  • Spawn Location: 1:00

Event: DreamHack SC2 Masters 2020 Summer TwHkMoJp

VOD

Have the link to the VOD?

Description

Time

  • Played on: June 25, 2020, 7:22 a.m.
  • Length: 3:25

All games in this series

Show
View Real Time Build Order
Export as new Build Order

Naxin Terran 

Build Orders:  

Get SALT Encoding   

  12  0:00  SCV  
  13  0:12  SCV  
  14  0:18  Supply Depot  
  14  0:24  SCV  
  15  0:41  Barracks  
  15  0:54  Barracks  
  15  1:05  Barracks  
  15  1:18  Barracks  
  15  1:32  Barracks  
  15  1:41  Marine  
  16  1:50  Supply Depot  
  16  1:57  Marine  
  16  1:58  Marine  
  18  2:04  Marine  
  19  2:10  Marine  
  19  2:14  Marine  
  21  2:18  Marine  
  22  2:28  Bunker  
  22  2:29  Marine  
  23  2:35  Marine  
  24  2:40  Marine  
  24  2:46  Marine  
  24  2:49  Marine  
  20  2:53  Marine  
  20  2:58  Marine  
  20  3:03  Marine  
Show
View Real Time Build Order
Export as new Build Order

Yoger Zerg - Winner!

Build Orders: Hatch First 

Get SALT Encoding   

  12  0:00  Drone  
  13  0:12  Overlord  
  13  0:16  Drone  
  14  0:30  Drone x2  
  16  0:47  Hatchery  
  15  0:51  Drone  
  15  0:55  Drone  
  17  0:58  Drone  
  18  1:09  Extractor  
  17  1:14  Spawning Pool  
  16  1:18  Drone  
  16  1:22  Drone  
  18  1:28  Drone  
  19  1:40  Overlord  
  19  2:01  Queen, Zergling x4  
  21  2:02  Queen  
  21  2:04  Zergling x2  
  26  2:14  Zergling x2  
  27  2:21  Zergling x4  
  29  2:35  Spine Crawler  
  25  2:56  Zergling x2  
  23  3:06  Zergling x2  
Tags
 
Add a new tag
Caveats
  • Supply blocks, unpowered buildings, or Contaminate may cause inaccurate times.
  • Supply counts are checked every 10 seconds.